 Dungeon Crawl Stone Soup version 0.31-a0-198-g2ad674f65e (webtiles) character file.

Game seed: 16479039503170863480

98 qw the Shooter (level 4, -3/25 HPs)
             Began as a Deep Elf Hunter on June 25, 2023.
             Slain by an orc
             ... wielding a +0 hand axe
              (4 damage)
             ... on level 3 of the Dungeon.
             The game lasted 00:00:40 (1491 turns).

qw the Shooter (Deep Elf Hunter)                    Turns: 1491, Time: 00:00:41

Health: -3/25      AC:  6    Str: 10    XL:     4   Next: 44%
Magic:  6/6        EV: 11    Int: 14    God:
Gold:   146        SH:  0    Dex: 18    Spells: 3/3 levels left

rFire   . . .        Y - +0 shortbow
rCold   . . .        (shield currently unavailable)
rNeg    . . .        g - +0 ring mail
rPois   .            f - +1 hat
rElec   .            (no cloak)
rCorr   .            (no gloves)
SInv    .            (no boots)
Will    .....        (no amulet)
Stlth   +            (no ring)
HPRegen 0.24/turn    (no ring)
MPRegen 0.10/turn

%: no passive effects
@: no status effects
A: no striking features
a: no special abilities


You were on level 3 of the Dungeon.
You visited 1 branch of the dungeon, and saw 3 of its levels.

You collected 146 gold pieces.


   Skills:
 - Level 1.5 Fighting
 + Level 7.9 Ranged Weapons
 - Level 2.4 Dodging
 - Level 1.2 Stealth


You had 3 spell levels left.
You didn't know any spells.
Your spell library was empty.

Inventory:

Hand Weapons
 Y - a +0 shortbow (weapon)
Armour
 f - a +1 hat (worn)
 g - a +0 ring mail (worn)
Potions
 a - 2 potions of curing {unknown}
 b - a potion of attraction {unknown}

Dungeon Overview and Level Annotations

Branches:
Dungeon (3/15)

Altars:


Message History

You shoot an arrow.
The arrow hits the orc but does no damage.
The orc is lightly wounded.
The orc hits you with a +0 short sword. The orc hits you but does no damage. x2
The orc hits you with a +0 hand axe.
You shoot an arrow. The arrow closely misses the orc.
The orc misses you. The orc hits you with a +0 short sword.
You shoot an arrow. The arrow closely misses the orc.
The orc hits you with a +0 hand axe. The orc barely misses you.
You shoot an arrow.
The arrow hits the orc but does no damage.
The orc is lightly wounded.
The orc hits you with a +0 short sword. The orc barely misses you.
You shoot an arrow. The arrow completely misses the orc.
The orc hits you but does no damage. x2
You shoot an arrow. The arrow hits the orc!
You kill the orc!
The orc barely misses you.
You shoot an arrow. The arrow hits the orc.
The orc is heavily wounded.
You shoot an arrow. The arrow hits the orc.
The orc is heavily wounded.
The orc closely misses you.
You shoot an arrow. The arrow hits the orc.
You kill the orc!
The orc hits you with a +0 hand axe. The orc completely misses you.
You shoot an arrow. The arrow closely misses the orc.
The orc completely misses you.
You shoot an arrow. The arrow closely misses the orc.
The orc hits you with a +0 hand axe.
You shoot an arrow. The arrow hits the orc.
The orc is lightly wounded.
The orc hits you with a +0 hand axe.
You shoot an arrow. The arrow barely misses the orc.
The orc hits you with a +0 hand axe.
You shoot an arrow. The arrow closely misses the orc.
The orc hits you but does no damage.
You shoot an arrow. The arrow barely misses the orc.
The orc hits you with a +0 hand axe.
You die...

##.###.######.......###.........
#...........................#.#
##.#.#.######.##...............
#.#...............#.##.#...#.#
#.#.#.##.###.##...#.##.#...#
#.#...............#.##.#.<.#
#.#........................#
#......#.######...#.##.........
#.#...........@)...........#.##
#.#.#.##.######o....#..........
#.#.#.##.# ..............##
##.#.#.##.# .)##.#.#...##.#
#.........# #.##.#.#...# .#
####.###### .## #.#..## # #.# ..
#.# .# #.#


You could see an orc.

Vanquished Creatures
  3 adders (D:2)
  A worm (D:2)
  4 dart slugs
  3 orcs (D:3)
  4 ball pythons (D:1)
  7 endoplasms
  4 giant cockroaches
  4 goblins (D:1)
  3 hobgoblins
  4 jackals (D:2)
  2 quokkas
  7 bats
  3 frilled lizards
  3 kobolds
  2 rats (D:1)
54 creatures vanquished.

Notes
Turn   | Place    | Note
-------+----------+-------------------------------------------
     0 | D:1      | qw the Deep Elf Hunter began the quest for the Orb.
     0 | D:1      | Reached XP level 1. HP: 12/12 MP: 3/3
     0 | D:1      | 0 ||| qw: Version: 0.3-a-22-g0ed2b0b
     0 | D:1      | 0 ||| qw: Game counter: 5465
     0 | D:1      | 0 ||| qw: Melee chars always use a shield: true
     0 | D:1      | 0 ||| qw: God list: Okawaru
     0 | D:1      | 0 ||| qw: Allow faded altars: false
     0 | D:1      | 0 ||| qw: Do Orc after clearing Dungeon:15 true
     0 | D:1      | 0 ||| qw: Do second Lair branch before Depths: true
     0 | D:1      | 0 ||| qw: Lair rune preference: random
     0 | D:1      | 0 ||| qw: Goals: Normal
     0 | D:1      | 0 ||| PLANNING D:1-11
    64 | D:1      | Reached XP level 2. HP: 16/16 MP: 4/4
    68 | D:1      | Reached skill level 6 in Ranged Weapons
   348 | D:1      | Reached XP level 3. HP: 20/20 MP: 5/5
   511 | D:1      | 511 ||| UPGRADING to +0 ring mail.
   521 | D:1      | 521 ||| DROPPING +0 leather armour.
   522 | D:1      | 522 ||| DROPPING +6 ring of intelligence.
   523 | D:1      | 523 ||| READING scroll labelled ZOUF KOUGET.
   524 | D:1      | 524 ||| READING scroll labelled LINLOAHETT.
   525 | D:1      | 525 ||| DROPPING scroll of butterflies.
   577 | D:2      | Reached skill level 7 in Ranged Weapons
   590 | D:2      | 590 ||| FLEEEEING.
   591 | D:2      | 591 ||| FLEEEEING.
   592 | D:2      | 592 ||| FLEEEEING.
   593 | D:2      | 593 ||| FLEEEEING.
   594 | D:2      | 594 ||| FLEEEEING.
   595 | D:2      | 595 ||| FLEEEEING.
   596 | D:2      | 596 ||| FLEEEEING.
   598 | D:2      | 598 ||| FLEEEEING.
   599 | D:2      | 599 ||| FLEEEEING.
   600 | D:2      | 600 ||| FLEEEEING.
   601 | D:2      | 601 ||| FLEEEEING.
   602 | D:2      | 602 ||| FLEEEEING.
   603 | D:2      | 603 ||| STAIRDANCE
   633 | D:2      | 633 ||| STAIRDANCE
   848 | D:2      | Reached XP level 4. HP: 18/25 MP: 6/6
  1136 | D:2      | Found a faded altar of an unknown god.
  1338 | D:2      | 1338 ||| DROPPING scarf of harm.
  1339 | D:2      | 1339 ||| UPGRADING to +1 hat.
  1344 | D:2      | 1344 ||| READING scroll labelled JOGGUM NERHALU.
  1345 | D:2      | 1345 ||| READING scroll labelled ZOWNUO WUCUIT.
  1346 | D:2      | 1346 ||| READING scroll labelled DIECAPROGG.
  1488 | D:3      | HP: 4/25 [orc/+0 hand axe (3)]
  1489 | D:3      | HP: 1/25 [orc/+0 hand axe (4)]
  1491 | D:3      | Slain by an orc

Levels and vault maps discovered:
D:1:      roderic_dead_forest, layout_basic
D:2:      layout_basic, basic_ecumenical_altar
D:3:      layout_basic, uniq_jessica

Skill      XL: |  1  2  3 |
---------------+----------+-----
Ranged Weapons | 6 7 |  7.9
Fighting       | |  1.5
Dodging        | |  2.4
Stealth        | |  1.2

Action                     |  1- 3 |  4- 6 || total
---------------------------+-------+-------++-------
   Fire: Shortbow          |   108 |    42 ||   150
    Use: Scroll            |     2 |     3 ||     5
 Armour: Leather armour    |     4 |       ||     4
         Ring mail         |    20 |     6 ||    26
  Dodge: Dodged            |    38 |     7 ||    45

Table legend:
 A = Non-vault XP
 B = Vault XP
 C = Vault XP percentage of total XP
 D = Non-vault monster count
 E = Vault monster count
 F = Vault count percentage of total count
                 A         B        C        D         E       F
            +---------+---------+-------+---------+---------+-------
      Total |     141 |       0 |   0.0 |      54 |       0 |   0.0
            +---------+---------+-------+---------+---------+-------
        D:1 |      58 |       0 |   0.0 |      31 |       0 |   0.0
        D:2 |      74 |       0 |   0.0 |      20 |       0 |   0.0
        D:3 |       9 |       0 |   0.0 |       3 |       0 |   0.0
            +---------+---------+-------+---------+---------+-------
